[Event "Team 45 45 League T53"]
[Site "Internet Chess Club"]
[Date "2012.06.12"]
[Round "4"]
[White "rubo"]
[Black "crazyhorses"]
[Result "0-1"]
[WhiteElo "1725"]
[BlackElo "1476"]
[Opening "Bird's opening"]
[ECO "A03"]
[Time "17:00:33"]
[TimeControl "2700+45"]

1. f4 d5 2. Nf3 Nf6 3. e3 e6 4. b3 c5 5. Bb2 Nc6 6. Bb5 Bd7 7. O-O Rc8 8. Nc3 a6
9. Bxc6 Bxc6 10. Ne2 Bd6 11. Ng3 Qc7 12. Ne5 Nd7 13. Nxd7 Kxd7 14. Bxg7 Rhg8 15.
Nh5 Be7 16. d3 Rcd8 17. a4 Kc8 18. Qe2 f5 19. Be5 Qd7 20. d4 Rg6 21. Rf3 Rdg8
22. Rg3 Qe8 23. Rxg6 Qxg6 24. Ng3 Bh4 25. Nh1 h5 26. Bd6 cxd4 27. exd4 Bf6 28.
c3 Kd7 29. Be5 Bxe5 30. fxe5 Kc7 31. Ng3 Be8 32. Qf2 h4 33. Ne2 Qg4 34. Nf4 Kd7
35. Rf1 h3 36. g3 Bf7 37. Qf3 Qxf3 38. Rxf3 Rh8 39. Kf2 Bh5 40. Rd3 Bg4 41. c4
dxc4 42. bxc4 Rc8 43. Rc3 b5 44. axb5 axb5 45. c5 Ra8 46. Rc2 b4 47. Nd3 b3 48.
Rb2 Ra2 49. Ke3 Bd1 50. Kd2 Bc2 51. c6+ Kc7 52. d5 Bxd3 53. d6+ Kxc6 54. Kc3 Bc4
55. Rxa2 bxa2 56. Kb2 Bb5 57. Kxa2 Kd5 58. Ka3 Kxe5 59. Kb4 Kxd6 60. Kxb5 Kd5
61. Kb4 Kd4 62. Kb3 Kd3 63. Kb2 Kd2 64. Kb3 e5 65. Kc4 e4 66. Kd4 e3 67. Ke5 e2
68. Kxf5 e1=Q 69. Kg4 Qf1 70. Kh4 Qg2 71. g4 Qxh2 72. g5 Qg2 {White resigns} 0-1

[Event "Team 45 45 League T53"]
[Site "Internet Chess Club"]
[Date "2012.06.10"]
[Round "4"]
[White "Sir-Sinister"]
[Black "IceBox"]
[Result "1/2-1/2"]
[WhiteElo "1954"]
[BlackElo "1880"]
[Opening "Caro-Kann: Goldman (Spielmann) variation"]
[ECO "B11"]
[Time "16:16:55"]
[TimeControl "2700+45"]

1. e4 c6 2. Nc3 d5 3. Qf3 dxe4 4. Nxe4 Nf6 5. Nxf6+ gxf6 6. Bc4 Qd4 7. d3 Bg4 8.
Qe3 Qxe3+ 9. Bxe3 h5 10. f3 Bf5 11. Ne2 Bh6 12. Bxh6 Rxh6 13. Nd4 Bh7 14. a4 Nd7
15. a5 a6 16. f4 e6 17. b4 O-O-O 18. g3 Re8 19. Kf2 Rg8 20. Rae1 Rg7 {Game drawn
by mutual agreement} 1/2-1/2

[Event "Team 45 45 League T53"]
[Site "Internet Chess Club"]
[Date "2012.06.08"]
[Round "4"]
[White "frank001"]
[Black "Archdruid"]
[Result "1-0"]
[WhiteElo "1777"]
[BlackElo "1494"]
[Opening "Owen defense"]
[ECO "B00"]
[Time "23:01:20"]
[TimeControl "2700+45"]

1. e4 b6 2. d4 Bb7 3. Nc3 e6 4. a3 c5 5. Nf3 Bd6 6. Be3 cxd4 7. Nxd4 Bc7 8. Ndb5
Ne7 9. Nd6+ Bxd6 10. Qxd6 O-O 11. O-O-O Nbc6 12. Qxd7 Qb8 13. Qd2 Rd8 14. Qe1
Qc7 15. f3 Rxd1+ 16. Qxd1 Rd8 17. Qe1 Nd4 18. Bd3 e5 19. Qf2 a6 20. Kb1 b5 21.
Ne2 Nec6 22. Nxd4 exd4 23. Bd2 Ne5 24. Rc1 Nc4 25. g3 Rc8 26. Bf4 Qb6 27. Bxc4
bxc4 28. c3 d3 29. Qxb6 {Black resigns} 1-0

[Event "Team 45 45 League T53"]
[Site "Internet Chess Club"]
[Date "2012.06.10"]
[Round "4"]
[White "TwoEqualsOne"]
[Black "Juan73"]
[Result "1-0"]
[WhiteElo "1828"]
[BlackElo "1688"]
[Opening "QGD: Marshall defense"]
[ECO "D06"]
[Time "19:06:37"]
[TimeControl "2700+45"]

1. d4 d5 2. c4 Nf6 3. Nc3 Bf5 4. Bf4 a6 5. e3 e6 6. Nf3 Bd6 7. Ne5 O-O 8. cxd5
Nxd5 9. Nxd5 exd5 10. Qb3 b6 11. Be2 Be6 12. O-O c5 13. dxc5 bxc5 14. Qb7 Nd7
15. Nxd7 Qxd7 16. Qxd7 Bxd7 17. Bxd6 Rfc8 18. Rfd1 Be6 19. Bf3 Rc6 20. Bxd5 Bxd5
21. Rxd5 Rd8 22. Rad1 f6 23. Bxc5 Rdc8 24. b4 Kf7 25. Rd8 R8c7 26. R8d7+ Kg6 27.
Rxc7 Rxc7 28. g3 Rb7 29. a4 Kf5 30. a5 h5 31. Rd6 g5 32. h3 g4 33. h4 Ke5 34.
Rxa6 Rd7 35. Bd4+ Ke4 36. Rxf6 Rc7 37. Kg2 Kd3 38. a6 Ke2 39. a7 Rc8 40. b5 Ke1
41. b6 Rc2 42. a8=Q Rc1 43. b7 {Black resigns} 1-0

[Event "Team 45 45 League T53"]
[Site "Internet Chess Club"]
[Date "2012.06.10"]
[Round "4"]
[White "Heian"]
[Black "ILRE"]
[Result "0-1"]
[WhiteElo "1779"]
[BlackElo "1614"]
[Opening "French: advance, Euwe variation"]
[ECO "C02"]
[Time "20:14:19"]
[TimeControl "2700+45"]

1. e4 e6 2. d4 d5 3. e5 c5 4. c3 Nc6 5. Nf3 Bd7 6. Bd3 cxd4 7. cxd4 Qb6 8. O-O
Nxd4 9. Nxd4 Qxd4 10. Nc3 a6 11. Be3 Qxe5 12. Re1 Be7 13. Qf3 Nf6 14. Bc5 Qh5
15. Qxh5 Nxh5 16. Bxe7 Kxe7 17. Nxd5+ Kf8 18. Nb6 Rd8 19. Nxd7+ Rxd7 20. Rac1 g6
21. Rc3 Kg7 22. g3 Rhd8 23. Be4 Nf6 24. Bf3 Rd2 25. Bxb7 Rxb2 26. Ra3 Rxb7 27.
Rxa6 Rd2 28. a4 Rbb2 29. Ra7 Rxf2 30. Rxe6 Ng4 31. Re1 Rg2+ 32. Kh1 Rxh2+ 33.
Kg1 Rhg2+ 34. Kh1 Rxg3 35. Ree7 Rh2# {White checkmated} 0-1

[Event "Team 45 45 League T53"]
[Site "Internet Chess Club"]
[Date "2012.06.10"]
[Round "4"]
[White "mcplayerus"]
[Black "Pason"]
[Result "1-0"]
[WhiteElo "2114"]
[BlackElo "2012"]
[Opening "Queen's Indian: Petrosian system"]
[ECO "E12"]
[Time "10:00:25"]
[TimeControl "2700+45"]

1. d4 e6 2. Nf3 Nf6 3. c4 b6 4. a3 Bb7 5. Nc3 d5 6. cxd5 exd5 7. Bg5 Be7 8. e3
O-O 9. Bb5 h6 10. Bxf6 Bxf6 11. O-O c6 12. Bd3 Re8 13. Rc1 Nd7 14. Qb3 Nf8 15.
Rfd1 Qd7 16. e4 dxe4 17. Nxe4 Bd8 18. Ne5 Qc7 19. Nxf7 Qxf7 20. Bc4 Ne6 21. Nd6
Qd7 22. Nxe8 Qxe8 23. Re1 Kh8 24. Rxe6 Qh5 25. Re5 Qg6 26. Bf7 Qf6 27. Re8+ Kh7
28. Bh5 {Black resigns} 1-0

[Event "Team 45 45 League T53"]
[Site "Internet Chess Club"]
[Date "2012.06.11"]
[Round "4"]
[White "koni"]
[Black "Killian"]
[Result "1/2-1/2"]
[WhiteElo "1889"]
[BlackElo "2025"]
[Opening "Réti: King's Indian attack (Barcza system)"]
[ECO "A07"]
[Time "13:00:34"]
[TimeControl "2700+45"]

1. Nf3 d5 2. g3 Nf6 3. Bg2 c6 4. O-O Bf5 5. b3 Nbd7 6. Bb2 e6 7. d3 Be7 8. Nbd2
O-O 9. Qe1 a5 10. a4 Qc7 11. e4 dxe4 12. dxe4 Bg6 13. h3 Rfd8 14. Nh4 Ne8 15.
Nxg6 hxg6 16. f4 Nb6 17. Qe2 Qd6 18. Nf3 Qc7 19. Kh2 Nf6 20. Rad1 Rxd1 21. Rxd1
Rd8 22. Ne5 Rxd1 23. Qxd1 Qd6 24. Qxd6 Bxd6 25. Kg1 Nh5 26. Kf2 Bc5+ 27. Kf3 Nf6
28. g4 Nbd7 29. Nxd7 Nxd7 30. Bf1 Kf8 31. Bd3 Be7 32. Bc3 b6 33. Bd4 Bc5 34. Bc3
Be7 35. Bd4 Bc5 36. Bc3 Be7 37. Bd4 Bc5 {Game drawn by repetition} 1/2-1/2

[Event "Team 45 45 League T53"]
[Site "Internet Chess Club"]
[Date "2012.06.10"]
[Round "4"]
[White "blackcatdillac"]
[Black "poni"]
[Result "0-1"]
[WhiteElo "1747"]
[BlackElo "1869"]
[Opening "Queen's Pawn"]
[ECO "A41"]
[Time "01:24:27"]
[TimeControl "2700+45"]

1. d4 d6 2. Bg5 g6 3. Nf3 Bg7 4. c4 c5 5. e3 Nc6 6. h3 Qa5+ 7. Nc3 cxd4 8. exd4
Nxd4 9. Bd2 Nxf3+ 10. Qxf3 Nf6 11. Nd5 Qd8 12. Ba5 {White resigns} 0-1

[Event "Team 45 45 League T53"]
[Site "Internet Chess Club"]
[Date "2012.06.08"]
[Round "4"]
[White "expectnomercy"]
[Black "Dracoac"]
[Result "0-1"]
[WhiteElo "1765"]
[BlackElo "1810"]
[Opening "English, 1...Nf6 (Anglo-Indian defense)"]
[ECO "A15"]
[Time "16:25:18"]
[TimeControl "2700+45"]

1. c4 Nf6 2. g3 d5 3. cxd5 Nxd5 4. Bg2 c5 5. Nc3 Nb6 6. Nf3 Nc6 7. O-O e5 8. d3
Be7 9. Be3 Be6 10. Rc1 f6 11. b3 Nd4 12. Ne4 Rc8 13. Nc3 Qd7 14. Nd2 Bh3 15. Nc4
Bxg2 16. Kxg2 Nd5 17. Bxd4 cxd4 18. Nxd5 Qxd5+ 19. Kg1 O-O 20. Qd2 f5 21. Qa5
Qxa5 22. Nxa5 Rc3 23. Nc4 Rc8 24. Rxc3 dxc3 25. Rc1 b5 26. Ne3 Bg5 27. Rc2 Bxe3
28. fxe3 e4 29. Kf2 b4 30. d4 Kf7 31. Kg2 a5 32. Kf2 Ra8 33. Ke1 a4 34. bxa4
Rxa4 35. Kf2 Rxa2 36. Rxa2 b3 37. Ra7+ Kg6 38. h4 b2 39. g4 fxg4 40. Ra6+ Kh5
41. Kg3 b1=Q 42. Ra5+ Kg6 43. Kxg4 Qg1+ 44. Kf4 c2 {White resigns} 0-1

[Event "Team 45 45 League T53"]
[Site "Internet Chess Club"]
[Date "2012.06.09"]
[Round "4"]
[White "Lucas"]
[Black "SwagOverload"]
[Result "0-1"]
[WhiteElo "2097"]
[BlackElo "2067"]
[Opening "Queen's pawn game"]
[ECO "A46"]
[Time "18:01:26"]
[TimeControl "2700+45"]

1. d4 Nf6 2. Nf3 e6 3. g3 b5 4. Bg2 Bb7 5. O-O c5 6. c3 Be7 7. Bf4 O-O 8. dxc5
Bxc5 9. Bd6 Bxd6 10. Qxd6 Ne4 11. Qb4 d5 12. Nbd2 Nd6 13. a4 Na6 14. Qa3 Nc4 15.
Nxc4 bxc4 16. Rfd1 Qc7 17. Nd4 Nc5 18. Nb5 Qb6 19. b4 cxb3 20. c4 a6 21. a5 axb5
22. axb6 Rxa3 23. Rxa3 bxc4 24. Ra5 Rc8 25. e4 c3 26. Rb5 c2 27. Ra1 Nd3 28.
Rxb3 c1=Q+ 29. Rxc1 Rxc1+ 30. Bf1 Nc5 31. Ra3 d4 32. Kg2 d3 33. f3 d2 34. Be2
d1=Q 35. Bxd1 Rxd1 36. Rc3 Na6 {White resigns} 0-1

[Event "Team 45 45 League T53"]
[Site "Internet Chess Club"]
[Date "2012.06.07"]
[Round "4"]
[White "cheVelle"]
[Black "abishek"]
[Result "0-1"]
[WhiteElo "1977"]
[BlackElo "1876"]
[Opening "Sicilian: dragon, Yugoslav attack, 12.h4"]
[ECO "B79"]
[Time "19:00:14"]
[TimeControl "2700+45"]

1. e4 c5 2. Nf3 d6 3. d4 cxd4 4. Nxd4 Nf6 5. Nc3 g6 6. Be3 Bg7 7. f3 O-O 8. Qd2
Nc6 9. Bc4 Bd7 10. O-O-O Qa5 11. Bb3 Rfc8 12. h4 Ne5 13. h5 Nxh5 14. g4 Bxg4 15.
fxg4 Nxg4 16. Nde2 Nhf6 17. Kb1 h5 18. Rdf1 b5 19. Qd3 Ne5 20. Qxb5 Qxb5 21.
Nxb5 Nxe4 22. Bd5 Rab8 23. Nxa7 Rc7 24. Bxe4 Nc4 25. Bd4 Bxd4 26. Nxd4 Rxb2+ 27.
Kc1 Rxa2 28. Nb3 Rcxa7 29. Kb1 R2a4 30. Bd3 Ne3 31. Rf3 Ng4 32. Bb5 Rb4 33. Bf1
e5 34. Rc3 d5 35. Rc8+ Kg7 36. Rd8 Ne3 37. Bh3 Rc7 38. Rc8 Rxc8 39. Bxc8 Rc4 40.
Re1 Nxc2 41. Rxe5 Rxc8 42. Rxd5 Na3+ 43. Kb2 Nc4+ 44. Kb1 Rb8 45. Ka2 Ra8+ 46.
Kb1 Ra3 47. Nd4 Rg3 48. Kc1 Ne3 49. Ra5 Rg1+ {White resigns} 0-1

[Event "Team 45 45 League T53 u"]
[Site "Internet Chess Club"]
[Date "2012.06.09"]
[Round "4"]
[White "HumanTornado"]
[Black "barbak"]
[Result "1/2-1/2"]
[WhiteElo "1995"]
[BlackElo "1926"]
[Opening "English opening: Agincourt variation"]
[ECO "A13"]
[Time "14:06:41"]
[TimeControl "2700+45"]

1. Nf3 d5 2. c4 e6 3. g3 c5 4. Bg2 Nc6 5. b3 Nf6 6. Bb2 Be7 7. O-O O-O 8. cxd5
exd5 9. d4 Bg4 10. dxc5 Bxc5 11. Nc3 Re8 12. Rc1 Bf8 13. h3 Bh5 14. Nb5 Ne4 15.
Nbd4 Rc8 16. Nxc6 bxc6 17. g4 Bg6 18. Ne5 Qb6 19. Nxg6 hxg6 20. Qd4 Qa6 21. Ra1
Qxe2 22. Rfe1 Qa6 23. Bxe4 Rxe4 24. Rxe4 dxe4 25. Qxe4 c5 26. Qd5 Re8 27. Be5
Re6 28. Bg3 Qe2 29. Qd1 Qe4 30. Rc1 Kh7 31. Rc4 Qb7 32. Bf4 Qe7 33. Be3 Re5 34.
Qf3 Qd6 35. Rf4 f6 36. Rc4 Qd3 37. Kg2 Rd5 38. Bf4 g5 39. Qxd3+ Rxd3 40. Be3 Rd5
41. Kf3 {Game drawn by mutual agreement} 1/2-1/2

[Event "Team 45 45 League T53"]
[Site "Internet Chess Club"]
[Date "2012.06.07"]
[Round "4"]
[White "tsia68"]
[Black "goktrenks"]
[Result "1/2-1/2"]
[WhiteElo "1794"]
[BlackElo "1850"]
[Opening "Sicilian defense"]
[ECO "B20"]
[Time "15:04:05"]
[TimeControl "2700+45"]

1. e4 c5 2. d3 Nc6 3. g3 g6 4. Bg2 Bg7 5. f4 d6 6. Nf3 e5 7. O-O Nge7 8. c3 O-O
9. Be3 b6 10. d4 Ba6 11. Re1 f5 12. dxe5 dxe5 13. Nxe5 Nxe5 14. fxe5 Bb7 15.
exf5 Qxd1 16. Rxd1 Nxf5 17. Bf2 Bxg2 18. Kxg2 Bxe5 19. Na3 Rad8 20. Nc4 Bf6 21.
Ne3 Nxe3+ 22. Bxe3 Be5 23. Bg5 Bf6 24. Bxf6 Rxd1 25. Rxd1 Rxf6 26. Rd7 {Game
drawn by mutual agreement} 1/2-1/2

[Event "Team 45 45 League T53"]
[Site "Internet Chess Club"]
[Date "2012.06.08"]
[Round "4"]
[White "basmaniac"]
[Black "Killian"]
[Result "1/2-1/2"]
[WhiteElo "1829"]
[BlackElo "2032"]
[Opening "Sicilian defense"]
[ECO "B30"]
[Time "17:02:17"]
[TimeControl "2700+45"]

1. e4 c5 2. Nf3 Nc6 3. Be2 e5 4. c3 d5 5. d3 dxe4 6. dxe4 Qxd1+ 7. Bxd1 Bg4 8.
Ba4 Bd7 9. Nbd2 f6 10. Nc4 O-O-O 11. Bc2 b5 12. Ne3 Be6 {Game drawn by mutual
agreement} 1/2-1/2

[Event "Team 45 45 League T53"]
[Site "Internet Chess Club"]
[Date "2012.06.08"]
[Round "4"]
[White "prideofandhra"]
[Black "Portola"]
[Result "1-0"]
[WhiteElo "1623"]
[BlackElo "1730"]
[Opening "French: Tarrasch"]
[ECO "C03"]
[Time "09:01:40"]
[TimeControl "2700+45"]

1. e4 e6 2. d4 d5 3. Nd2 dxe4 4. Nxe4 Be7 5. Nf3 Nf6 6. Bd3 Nxe4 7. Bxe4 Nd7 8.
Qe2 O-O 9. Be3 Nf6 10. Bd3 b6 11. O-O-O Bb7 12. h4 Qd5 13. Kb1 Qa5 14. Rhg1 h5
15. Ne5 Bd6 16. Nc4 Qd5 17. Bg5 Ng4 18. f3 b5 19. Nxd6 Qxd6 20. fxg4 Bd5 21. Be4
{Black resigns} 1-0

[Event "Team 45 45 League T53"]
[Site "Internet Chess Club"]
[Date "2012.06.09"]
[Round "4"]
[White "rahulr"]
[Black "mellizas2003"]
[Result "0-1"]
[WhiteElo "1592"]
[BlackElo "1680"]
[Opening "QGD: 4.Nf3"]
[ECO "D37"]
[Time "12:00:58"]
[TimeControl "2700+45"]

1. d4 d5 2. c4 e6 3. Nc3 Nf6 4. Nf3 Be7 5. e3 O-O 6. cxd5 exd5 7. Bd3 Bg4 8. O-O
Nbd7 9. Re1 c6 10. e4 dxe4 11. Nxe4 Nxe4 12. Bxe4 Nf6 13. Qe2 Bb4 14. Bd2 Re8
15. Bxb4 Nxe4 16. Qd3 Bxf3 17. Qxf3 Qxd4 18. Qb3 Nxf2 {White resigns} 0-1

[Event "Team 45 45 League T53"]
[Site "Internet Chess Club"]
[Date "2012.06.07"]
[Round "4"]
[White "nanning"]
[Black "Signalman"]
[Result "1-0"]
[WhiteElo "1648"]
[BlackElo "1524"]
[Opening "Old Indian defense"]
[ECO "A53"]
[Time "13:30:26"]
[TimeControl "2700+45"]

1. d4 Nf6 2. c4 d6 3. Nf3 Nbd7 4. g3 e5 5. Nc3 Be7 6. Bg2 c6 7. dxe5 dxe5 8. Qc2
Nb6 9. b3 Qc7 10. Bb2 g6 11. O-O Bf5 12. e4 Be6 13. Rad1 Nbd7 14. h3 O-O-O 15.
Ng5 Nf8 16. Rxd8+ Bxd8 17. b4 Bxc4 18. Rc1 h6 19. Nf3 Be7 20. b5 c5 21. Nxe5 Bd6
22. Nxc4 Be5 23. Nxe5 Qxe5 24. Nd5 {Black resigns} 1-0

[Event "Team 45 45 League T53"]
[Site "Internet Chess Club"]
[Date "2012.06.07"]
[Round "4"]
[White "lasker25"]
[Black "PandorasBox"]
[Result "0-1"]
[WhiteElo "1932"]
[BlackElo "1877"]
[Opening "French: Two knights variation"]
[ECO "C00"]
[Time "18:00:59"]
[TimeControl "2700+45"]

1. e4 e6 2. Nf3 d5 3. Nc3 d4 4. Ne2 c5 5. c3 Nc6 6. cxd4 cxd4 7. Qa4 d3 8. Nf4
Nf6 9. Bxd3 Bd7 10. O-O Bd6 11. Ne2 Ne5 12. Bb5 Nxf3+ 13. gxf3 O-O 14. d4 a6 15.
Bxd7 Nxd7 16. e5 Be7 17. Be3 b5 18. Qc2 Nb6 19. Qe4 f5 20. Qc6 Nd5 21. Qxe6+ Kh8
22. Nc3 Nc7 23. Qc6 f4 24. Bd2 Bb4 25. Qe4 Bxc3 26. bxc3 Ne6 27. a4 Qh4 28. axb5
Ng5 29. Qc6 Rac8 30. Qb7 Qh3 31. Bxf4 Rxf4 {White resigns} 0-1

[Event "Team 45 45 League T53"]
[Site "Internet Chess Club"]
[Date "2012.06.09"]
[Round "4"]
[White "fishhead"]
[Black "CheeryCherry"]
[Result "1-0"]
[WhiteElo "1848"]
[BlackElo "1574"]
[Opening "Ruy Lopez: Marshall, main line, 14...Qh3"]
[ECO "C89"]
[Time "13:00:37"]
[TimeControl "2700+45"]

1. e4 e5 2. Nf3 Nc6 3. Bb5 a6 4. Ba4 Nf6 5. O-O Be7 6. Re1 b5 7. Bb3 O-O 8. c3
d5 9. exd5 Nxd5 10. Nxe5 Nxe5 11. Rxe5 c6 12. d4 Bd6 13. Re1 Qh4 14. g3 Qh3 15.
Qd3 Bf5 16. Qf1 Rae8 17. Be3 Qh5 18. Nd2 Re7 19. a4 Bh3 20. Bd1 Qf5 21. Qe2 Nxe3
22. fxe3 Rfe8 23. e4 Qg6 24. Qh5 Qxh5 25. Bxh5 g6 26. Bf3 Bd7 27. axb5 axb5 28.
e5 Bc7 29. Ne4 Kg7 30. Nf6 Rd8 31. Nxd7 Rexd7 32. Bxc6 Re7 33. Ra7 Kf8 34. Rf1
{Black resigns} 1-0

[Event "Team 45 45 League T53"]
[Site "Internet Chess Club"]
[Date "2012.06.10"]
[Round "4"]
[White "Muravey"]
[Black "creditordebit"]
[Result "1-0"]
[WhiteElo "2192"]
[BlackElo "1926"]
[Opening "Sicilian"]
[ECO "B50"]
[Time "17:35:07"]
[TimeControl "2700+45"]

1. e4 c5 2. Nf3 d6 3. c3 Nf6 4. h3 g6 5. Bd3 Bg7 6. Bc2 Nc6 7. d4 b6 8. d5 Ne5
9. Nxe5 dxe5 10. O-O O-O 11. c4 Qc7 12. Nc3 a6 13. Bg5 Bd7 14. a4 h6 15. Be3 Nh5
16. Qd2 Nf4 17. h4 Qd6 18. g3 g5 19. Kh2 Nh3 20. hxg5 hxg5 21. Bxg5 f6 22. Be3
Kf7 23. Kg2 Rh8 24. Rh1 Rh7 25. a5 Rah8 26. Na4 Bh6 27. Bxh6 b5 28. cxb5 axb5
29. Nxc5 Qxc5 30. Be3 Qc7 31. Bb3 Qb8 32. a6 f5 33. a7 Qa8 34. Qc3 f4 35. Qc7
Bg4 36. gxf4 exf4 37. Bxf4 Qg8 38. a8=Q Bc8+ 39. Kf1 Nxf4 40. Qxf4+ {Black
resigns} 1-0

[Event "Team 45 45 League T53"]
[Site "Internet Chess Club"]
[Date "2012.06.08"]
[Round "4"]
[White "KyleMayhugh"]
[Black "rayonline53"]
[Result "1/2-1/2"]
[WhiteElo "1565"]
[BlackElo "1500"]
[Opening "French: Tarrasch, closed variation"]
[ECO "C05"]
[Time "14:30:22"]
[TimeControl "2700+45"]

1. e4 e6 2. d4 d5 3. Nd2 Nf6 4. e5 Nfd7 5. Bd3 c5 6. c3 Nc6 7. Ne2 Be7 8. O-O
O-O 9. f4 f6 10. exf6 Nxf6 11. Nf3 Bd7 12. Ng3 cxd4 13. cxd4 Rc8 14. Re1 Na5 15.
Ng5 Qb6 16. Kh1 h6 17. Nf3 Nc4 18. b3 Na5 19. f5 Bb4 20. Bd2 Bxd2 21. Qxd2 exf5
22. Nxf5 Bxf5 23. Bxf5 Rce8 24. Ne5 Nc6 25. Ng6 Rxe1+ 26. Rxe1 Re8 27. Rxe8+
Nxe8 28. Be6+ Kh7 29. Qd3 Nf6 30. Nf4+ Kh8 31. Ng6+ Kh7 32. Nf4+ Kh8 33. Ng6+
{Game drawn by mutual agreement} 1/2-1/2